 Dungeon Crawl Stone Soup version 0.31-a0-180-g519b7de00c (webtiles) character file.

Game seed: 16430237271890187356

49 qw the Chopper (level 3, -2/23 HPs)
             Began as a Gargoyle Fighter on June 19, 2023.
             Slain by Natasha (5 damage)
             ... on level 2 of the Dungeon.
             The game lasted 00:00:33 (1013 turns).

qw the Chopper (Gargoyle Fighter)                   Turns: 1013, Time: 00:00:33

Health: -2/23      AC: 12    Str: 21    XL:     3   Next: 75%
Magic:  3/3        EV:  7    Int:  8    God:
Gold:   37         SH:  4    Dex:  9    Spells: 2/2 levels left

rFire   . . .        Y - +0 war axe
rCold   . . .        c - +0 buckler
rNeg    + . .        h - +0 chain mail
rPois   inf          (no helmet)
rElec   +            (no cloak)
rCorr   .            (no gloves)
SInv    .            (no boots)
Will    .....        (no amulet) Stlth
                     (no ring)
HPRegen 0.23/turn    (no ring)
MPRegen 0.08/turn

%: no passive effects
@: slowed, very slow
A: sickness immunity, AC +3, negative energy resistance 1, electricity
resistance, torment resistance 1, petrification resistance
a: no special abilities


You were on level 2 of the Dungeon.
You visited 1 branch of the dungeon, and saw 2 of its levels.

You collected 37 gold pieces.


Innate Abilities, Weirdness & Mutations

You are immune to sickness and miasma.
Your stone body is resilient. (AC +3)
You are immune to poison.
You resist negative energy. (rN+)
You are resistant to electric shocks. (rElec)
You are resistant to unholy torment.
You are immune to petrification.


   Skills:
 - Level 3.2 Fighting
 + Level 3.6 Axes
 - Level 3.2 Armour
 - Level 3.2 Shields


You had 2 spell levels left.
You didn't know any spells.
Your spell library was empty.

Inventory:

Hand Weapons
 i - a +0 club
 Y - a +0 war axe (weapon)
Missiles
 g - 6 boomerangs (quivered)
Armour
 c - a +0 buckler (worn)
 h - a +0 chain mail (worn)
Scrolls
 f - a scroll of identify
Potions
 d - a potion of might
 l - a potion of curing {unknown}

Dungeon Overview and Level Annotations

Branches:
Dungeon (2/15)

Altars:

Shops:
D:1 :

Annotations:
D:2 Natasha


Message History

The cerulean imp hits you but does no damage. x2
You block Natasha's attack. The cerulean imp barely misses you.
You miss Natasha. The cerulean imp barely misses you.
Natasha barely misses you.
The cerulean imp hits you but does no damage.
Natasha barely misses you. You block the cerulean imp's attack.
You closely miss Natasha.
The cerulean imp hits you from afar with a +2 spear.
The cerulean imp hits you but does no damage.
You block Natasha's attack.
The cerulean imp hits you from afar with a +2 spear.
You barely miss Natasha.
The cerulean imp hits you from afar with a +0 spear.
Natasha barely misses you. You block the cerulean imp's attack.
You slash Natasha!
Natasha is heavily wounded.
The cerulean imp hits you but does no damage.
Natasha claws you. The cerulean imp closely misses you.
The cerulean imp barely misses you. Natasha barely misses you.
You hit Natasha.
Natasha is severely wounded.
The cerulean imp hits you but does no damage.
The cerulean imp barely misses you.
Natasha stares at you and mumbles some strange words.
You feel yourself slow down.
The cerulean imp hits you but does no damage.
You miss Natasha.
Natasha is severely wounded.
You feel your willpower return.
The cerulean imp hits you but does no damage.
Natasha closely misses you.
The cerulean imp hits you but does no damage.
The cerulean imp barely misses you. Natasha casts a spell at you.
The magic dart hits you but does no damage.
The cerulean imp hits you but does no damage.
You barely miss Natasha.
Natasha is severely wounded.
You block the cerulean imp's attack. Natasha claws you.
You die...

####.. .#
....##.#
#####......
#.........#
#...$.....
.#........# .#
.......55.##...#
#....h)<.......
#.....@%.##.g.#
#........# #
#........#
#........#
#........#
##########


You could see Natasha and 2 cerulean imps.

Vanquished Creatures
  4 bats (D:1)
  5 endoplasms (D:1)
  A giant cockroach (D:1)
  4 goblins
  8 hobgoblins
  2 jackals (D:1)
  6 kobolds (D:1)
  2 quokkas (D:1)
  4 ball pythons (D:1)
  3 frilled lizards
  A rat (D:1)
40 creatures vanquished.

Notes
Turn   | Place    | Note
-------+----------+-------------------------------------------
     0 | D:1      | qw the Gargoyle Fighter began the quest for the Orb.
     0 | D:1      | Reached XP level 1. HP: 14/14 MP: 1/1
     0 | D:1      | 0 ||| qw: Version: 0.3-a-7-ge0c9b40
     0 | D:1      | 0 ||| qw: Game counter: 963
     0 | D:1      | 0 ||| qw: Always use a shield: true
     0 | D:1      | 0 ||| qw: God list: Okawaru
     0 | D:1      | 0 ||| qw: Allow faded altars: false
     0 | D:1      | 0 ||| qw: Do Orc after D:15 true
     0 | D:1      | 0 ||| qw: Do second Lair branch before Depths: true
     0 | D:1      | 0 ||| qw: Lair rune preference: random
     0 | D:1      | 0 ||| qw: Plans: Normal, Zot:1-4, Slime:5, God:TSO, Crypt,
                  | Tomb, Abyss, Pan, Hells, Win
     0 | D:1      | 0 ||| PLANNING D:1-11
    24 | D:1      | 24 ||| Stepping ~*~*~tactically~*~*~ (stealth).
    83 | D:1      | 83 ||| Stepping ~*~*~tactically~*~*~ (stealth).
    94 | D:1      | Reached XP level 2. HP: 19/19 MP: 2/2
   235 | D:1      | 235 ||| Stepping ~*~*~tactically~*~*~ (stealth).
   292 | D:1      | Reached skill level 3 in Axes
   364 | D:1      | Reached XP level 3. HP: 23/23 MP: 3/3
   754 | D:1      | Found Jioczitt's Book Emporium.
   961 | D:1      | 961 ||| UPGRADING to +0 chain mail.
   971 | D:1      | 971 ||| DROPPING +0 scale mail.
   972 | D:1      | 972 ||| READING scroll labelled ITTIDGH ZOAFI.
   973 | D:1      | 973 ||| READING 2 scrolls labelled XILIGH CANOTH.
   974 | D:1      | 974 ||| READING scroll labelled EPNODGH URGHY.
   975 | D:1      | 975 ||| READING scroll labelled OWO OGOLANN.
   996 | D:2      | 996 ||| Stepping ~*~*~tactically~*~*~ (stealth).
   997 | D:2      | Noticed Natasha
  1009 | D:2      | HP: 4/23 [cerulean imp/+0 spear[Natasha] (4)]
  1010 | D:2      | HP: 1/23 [Natasha (3)]
  1013 | D:2      | Slain by Natasha

Levels and vault maps discovered:
D:1:      amcnicky_arrival_choice, layout_loops_corners, serial_shops, shop,
          minmay_tiny_reverse_x
D:2:      layout_rooms, hellmonk_ecumenical_altar_dog_temple, basic_altar,
          minmay_misc_feat_more_columns, uniq_natasha

Skill      XL: |  1  2 |
---------------+-------+-----
Axes           | 2 3 |  3.6
Fighting       | |  3.2
Armour         | |  3.2
Shields        | |  3.2

Action                     || total
---------------------------++-------
  Melee: War axe           ||   102
  Throw: Boomerang         ||    29
    Use: Scroll            ||     4
 Armour: Scale mail        ||    49
         Chain mail        ||    21
  Dodge: Dodged            ||    59
  Block: Buckler           ||    23

Table legend:
 A = Non-vault XP
 B = Vault XP
 C = Vault XP percentage of total XP
 D = Non-vault monster count
 E = Vault monster count
 F = Vault count percentage of total count
                 A         B        C        D         E       F
            +---------+---------+-------+---------+---------+-------
      Total |      66 |       4 |   5.7 |      38 |       2 |   5.0
            +---------+---------+-------+---------+---------+-------
        D:1 |      59 |       4 |   6.3 |      34 |       2 |   5.6
        D:2 |       7 |       0 |   0.0 |       4 |       0 |   0.0
            +---------+---------+-------+---------+---------+-------
